 Dungeon Crawl Stone Soup version 0.30.1-11-g7821555f0a (webtiles) character file.

Game seed: 1829976939659417206

163 comborobin the Chopper (level 5, 0/45 HPs)
             Began as a Hill Orc Delver on Dec 24, 2023.
             Was an Initiate of Cheibriados.
             Splashed by a jelly's acid (9 damage)
             ... on level 4 of the Dungeon.
             The game lasted 00:02:31 (1139 turns).

comborobin the Chopper (Hill Orc Delver)            Turns: 1139, Time: 00:02:31

Health: 0/45       AC:  3    Str: 18    XL:     5   Next: 44%
Magic:  5/5        EV: 11    Int: 11    God:    Cheibriados [......]
Gold:   45         SH:  0    Dex: 13    Spells: 4/4 levels left

rFire   . . .        a - +0 hand axe
rCold   . . .        (no shield)
rNeg    . . .        b - +0 leather armour
rPois   .            (no helmet)
rElec   .            (no cloak)
rCorr   .            (no gloves)
SInv    +            (no boots)
Will    .....        (no amulet)
Stlth   ++           e - ring of see invisible
HPRegen 0.27/turn    (no ring)
MPRegen 0.09/turn

%: no passive effects
@: slow
A: no striking features
a: Renounce Religion


You were on level 4 of the Dungeon.
You worshipped Cheibriados.
Cheibriados was noncommittal.
You visited 2 branches of the dungeon, and saw 5 of its levels.

You collected 45 gold pieces.

Inventory:

Hand Weapons
 a - a +0 hand axe (weapon)
 j - a +0 long sword
Armour
 b - a +0 leather armour (worn)
 i - a +0 tower shield
Jewellery
 e - a ring of see invisible (left hand)
 f - a ring of magical power
Wands
 g - a wand of digging (3)
Scrolls
 c - a scroll of fog


   Skills:
 - Level 3.6 Fighting
 + Level 7.3 Axes
 - Level 1.5 Dodging
 - Level 4.1 Stealth


You had 4 spell levels left.
You didn't know any spells.
Your spell library was empty.

Dungeon Overview and Level Annotations

Branches:
Dungeon (6/15)             Temple (1/1) D:4

Altars:
Ashenzari
Cheibriados
Dithmenos
Fedhas
Hepliaklqana
Kikubaaqudgha
Nemelex Xobeh
Qazlal
Ru
Uskayaw
Vehumet
Wu Jian
Xom
Yredelemnul
Zin
The Shining One

Annotations:
D:5 exclusion: 2 downstairs


Message History

The white imp gestures at you. The puff of frost hits you!
A jelly comes into view.
The jelly moves out of view.
You start resting.
An endoplasm is nearby!
You slash the endoplasm!
You kill the endoplasm!
Cheibriados appreciates the change of pace.
The white imp hits you. The white imp freezes you.
You hit the jelly.
Your hands burn!
The jelly is lightly wounded.
You barely miss the white imp.
The white imp hits you but does no damage.
The jelly hits you but does no damage.
You hit the jelly.
Your hands burn!
The jelly is moderately wounded.
You closely miss the white imp. The jelly hits you.
You are splashed with acid!
The white imp misses you.
You aren't carrying any potions.
Okay, then.
You slash the white imp!
The white imp is severely wounded.
The white imp misses you.
You hit the white imp.
The white imp is almost dead.
The white imp closely misses you.
You hit the white imp but do no damage.
The white imp is almost dead.
The white imp hits you. The white imp freezes you.
You hit the white imp.
You kill the white imp!
Cheibriados appreciates the change of pace.
You hit the jelly.
Your hands burn!
* * * LOW HITPOINT WARNING * * *
The jelly is heavily wounded.
The jelly hits you.
* * * LOW HITPOINT WARNING * * *
You are splashed with acid!
You die...

##...# #.#.......#
#.#.# #####
*,........# #.#.#
*,,#.#....#####...#
**,*##....⌠...##.###
##,** #...........##
#.#* *#.⌠.>.⌠.....#
*#.#* ##....?......#
*#.###....⌠.......#
*#@#.#####.......#
##J.# #.......#*
##.# #.......#* #.#
#...!...#* #.#
#..S#####*
**#.#****,,.#** *
*,...,,,,,,,,,** *
*,#.#*,,,,,,,,,* *
*,*.#*,,,,,,,,,* *


You could see a jelly.

Vanquished Creatures
  A scorpion (D:3)
  3 hounds
  A white imp (D:4)
  An ufetubus (D:5)
  An orc (D:4)
  An endoplasm (D:4)
  A hobgoblin (D:4)
  A quokka (D:4)
  4 ball pythons
14 creatures vanquished.

Notes
Turn   | Place    | Note
-------+----------+-------------------------------------------
     0 | D:5      | comborobin the Hill Orc Delver began the quest for the Orb.
     0 | D:5      | Reached XP level 1. HP: 19/19 MP: 1/1
    75 | D:6      | Noticed an ogre
    75 | D:6      | Noticed a gnoll bouda
   223 | D:5      | Reached skill level 3 in Axes
   307 | D:5      | Noticed an ogre
   348 | D:5      | Noticed a hound
   441 | D:5      | Killed a hound
   442 | D:5      | Reached skill level 4 in Axes
   442 | D:5      | Reached XP level 2. HP: 15/26 MP: 2/2
   442 | D:5      | Reached XP level 3. HP: 18/31 MP: 3/3
   485 | D:4      | Noticed a steam dragon
   488 | D:4      | Noticed a scorpion
   545 | D:3      | Found a sparkling altar of Nemelex Xobeh.
   545 | D:3      | Found an ancient bone altar of Kikubaaqudgha.
   556 | D:3      | Found a basalt altar of Yredelemnul.
   612 | D:3      | Reached skill level 5 in Axes
   612 | D:3      | Reached XP level 4. HP: 20/39 MP: 4/4
   699 | D:3      | Killed a scorpion
   700 | D:3      | Reached skill level 6 in Axes
   700 | D:3      | Reached XP level 5. HP: 40/45 MP: 5/5
   968 | D:4      | Reached skill level 7 in Axes
   975 | D:4      | Found a staircase to the Ecumenical Temple.
   984 | Temple   | Entered the Ecumenical Temple
  1104 | Temple   | Became a worshipper of Cheibriados the Contemplative
  1139 | D:4      | Splashed by a jelly's acid

Illustrated notes

Levels and vault maps discovered:
D:3:      layout_rooms, nicolae_overflow_hidden_temple, serial_shops, shop,
          uniq_ijyb
D:4:      layout_loops_cross, temple_fountains, uniq_sigmund
D:5:      layout_loops_cross
D:6:      corexii_shantytown, layout_basic, nicolae_overflow_squiral,
          serial_bayou_lagoon_a, hangedman_decor_riveting
Temple:   eino_temple_rhombus

Skill      XL: |  1  2  3  4  5 |
---------------+----------------+-----
Axes           | 4 5 6 7 |  7.3
Fighting       | |  3.6
Dodging        | |  1.5
Stealth        | |  4.1

Action                     |  1- 3 |  4- 6 || total
---------------------------+-------+-------++-------
  Melee: Long sword        |    25 |       ||    25
         Hand axe          |       |    40 ||    40
         Punch             |       |     1 ||     1
    Use: Scroll            |     2 |     1 ||     3
         Potion            |     3 |       ||     3
   Stab: Distracted        |     1 |       ||     1
         Sleeping          |       |     1 ||     1
 Armour: Leather armour    |    19 |    13 ||    32
  Dodge: Dodged            |    39 |    23 ||    62
